 Dungeon Crawl Stone Soup version 0.26-a0-682-g294304f6e8 (webtiles) character file.

Game seed: 3465251964490878931

(classic levelgen) 6316 EnegeticOcto the Slasher (level 11, -4/71 HPs)
             Began as a Halfling Earth Elementalist on Oct 20, 2020.
             Was a High Priest of Cheibriados.
             Killed from afar by a death drake (13 damage)
             ... with a foul vapour
             ... on level 2 of the Orcish Mines.
             The game lasted 00:28:42 (3355 turns).

EnegeticOcto the Slasher (HaEE)                     Turns: 3355, Time: 00:28:43

Health: -4/71      AC:  6    Str: 20    XL:     11   Next: 16%
Magic:  6/15       EV: 22    Int: 27    God:    Cheibriados [*****.]
Gold:   1147       SH:  0    Dex: 27    Spells: 7/13 levels left

rFire    . . .     SeeInvis .   C - +2 scimitar
rCold    . . .     Faith    +   o - +2 buckler
rNeg     . . .     Spirit   .   w - +1 troll leather armour
rPois    .         Reflect  .   (no helmet)
rElec    .         Harm     .   D - +0 cloak
rCorr    .         Rampage  .   (no gloves)
MR       .....                  (no boots)
Stlth    +.........             z - amulet of faith
HPRegen  0.61/turn              f - ring of wizardry
MPRegen  0.14/turn              r - ring of wizardry

@: confused, lethally poisoned (-4 -> -43), slowed, very slow
A: small, mutation resistance 1
a: Bend Time, Temporal Distortion, Slouch, Step From Time, Renounce Religion


You were on level 2 of the Orcish Mines.
You worshipped Cheibriados.
Cheibriados was extremely pleased with you.
You visited 3 branches of the dungeon, and saw 12 of its levels.
You also visited: Bailey.

You collected 1147 gold pieces.

Inventory:

Hand Weapons
 a - a +3 short sword
 C - a +2 scimitar (weapon)
Missiles
 b - 65 stones
 m - 14 poisoned darts (quivered)
Armour
 o - a +2 buckler (worn)
 w - a +1 troll leather armour (worn)
 D - a +0 cloak (worn)
Jewellery
 f - a ring of wizardry (left hand)
 g - an uncursed ring of poison resistance
 r - a ring of wizardry (right hand)
 z - an amulet of faith (around neck)
 A - an uncursed ring of flight
 E - the amulet "Fary" {Spirit rF+}
   (You took it off an orc warrior in a bailey)

   [amulet of guardian spirit]

   It causes incoming damage to be split between your health and magic.
   It protects you from fire.
Scrolls
 c - a scroll of blinking {@r4}
 j - 2 scrolls of remove curse {@r2}
 k - 3 scrolls of teleportation {@r3 !r}
 p - a scroll of enchant weapon {unknown}
 q - a scroll of fog {!r}
 v - a scroll of amnesia
 y - 3 scrolls of immolation
Potions
 h - 3 potions of stabbing {@q5 !q}
 i - a potion of might {@q3 !q}
 n - a potion of flight
 t - 2 potions of cancellation
 u - a potion of mutation {unknown}
 x - a potion of resistance {unknown}
 B - 3 potions of brilliance
Miscellaneous
 e - a phial of floods (inert)


   Skills:
 - Level 5.0 Fighting
 - Level 5.0(7.8) Short Blades
 * Level 7.8(8.3) Long Blades
 + Level 7.1 Dodging
 - Level 2.1 Stealth
 - Level 5.6 Shields
 - Level 1.5 Spellcasting
 - Level 2.0 Conjurations
 - Level 0.5 Transmutations
 - Level 7.0 Earth Magic
 * Level 6.6 Invocations


You had 7 spell levels left.
You knew the following spells:

 Your Spells              Type           Power        Failure   Level
a - Sandblast             Erth           #####.       1%          1
b - Stone Arrow           Conj/Erth      ####..       1%          3
p - Passwall              Tmut/Erth      ###.....     1%          2

Your spell library contained the following spells:

 Spells                   Type           Power        Failure   Level
 Beastly Appendage        Tmut           #.....       2%          1
 Wereblood                Tmut           #.......     4%          2
 Lee's Rapid Deconstruct  Erth           #####.....   5%          5
 Petrify                  Tmut/Erth      ###.....     7%          4
 Spider Form              Tmut/Pois      #.........   9%          3
 Ice Form                 Ice/Tmut       #.......     28%         4
 Blade Hands              Tmut           #.........   54%         5


Dungeon Overview and Level Annotations

Branches:
Dungeon (9/15)             Temple (1/1) D:4             Orc (2/2) D:9
    Elf (0/3) Orc:2        Bailey (visited)
   Lair: D:8-11

Altars:
Ashenzari
Cheibriados
Gozag
Hepliaklqana
Kikubaaqudgha
Nemelex Xobeh
Ru
Trog
Uskayaw
Vehumet
Wu Jian
Yredelemnul
Zin
The Shining One

Shops:
D:7 :

Annotations:
D:3 2 transporters, ANON1729's ghost, amateur OpCK
D:6 Menkaure


Innate Abilities, Weirdness & Mutations

You are small and have problems with some larger weapons.
You are somewhat resistant to further mutation.


Message History

Aiming: Polymorph
Press: ? - help, Shift-Dir - straight line, f/p - orc knight
Aim: an orc knight, wielding a +0 great sword, wearing a +0 plate armour and quivering 17 bolts (moderately wounded, waterlogged, chance to defeat MR: 28%)
You hear a splash. x4
The orc knight evaporates and reforms as a death drake!
The death drake breathes miasma at you. The foul vapour engulfs you!
You are poisoned.
You feel your flesh rotting away!
You feel yourself slow down.
* * * LOW HITPOINT WARNING * * *
It was a potion of curing.
You feel better.
You are engulfed in dark miasma.
You are poisoned.
You feel sick. The death drake barely misses you.
Evoke which item? (* to show all) (? for menu, Esc to quit)
Aiming: Polymorph
Press: ? - help, Shift-Dir - straight line, f/p - death drake
Aim: a death drake (foul pestilence, catching its breath, chance to defeat MR: 28%)
The death drake easily resists.
You are engulfed in dark miasma.
You are more poisoned.
You feel as though you will be slow longer.
* * * LOW HITPOINT WARNING * * *
You feel sick. The death drake closely misses you. x2
Evoke which item? (* to show all) (? for menu, Esc to quit)
Aiming: Polymorph
Press: ? - help, Shift-Dir - straight line, f/p - death drake
Aim: a death drake (catching its breath, chance to defeat MR: 28%)
The death drake easily resists.
The now-empty wand crumbles to dust.
You feel sick. The death drake misses you.
The death drake bites you but does no damage.
Really quaff
s - 2 potions of heal wounds {@q2 !q}?
You feel much better.
You feel sick.
The orc warrior looks more healthy.
The death drake bites you. You block the orc warrior's attack.
You block the death drake's attack.
Evoke which item? (* to show all) (? for menu, Esc to quit)
Okay, then.
You feel very sick. You block the death drake's attack. x2
The orc warrior hits you with a +0 hand axe.
The death drake misses you.
You riposte.
You hit the death drake.
The death drake is lightly wounded.
The orc warrior misses you.
You feel very sick. The death drake bites you.
You block the death drake's attack. You block the orc warrior's attack.
The death drake bites you!
Press: ? - help, v - describe, . - travel The floor, spattered with blood.
You feel sick. You block the death drake's attack.
You block the orc warrior's attack. You block the death drake's attack.
The orc warrior hits you with a +0 battleaxe!
* * * LOW HITPOINT WARNING * * *
Really quaff
s - a potion of heal wounds {@q2 !q}?
You feel much better.
You feel sick. The death drake closely misses you.
You block the orc warrior's attack. The death drake misses you.
You block the orc warrior's attack. x2
You slash the death drake!
The death drake is lightly wounded.
You feel sick.
The death drake bites you but does no damage.
You block the death drake's attack. The orc warrior barely misses you.
The orc warrior misses you.
You can feel time thicken for a moment.
You kill the orc warrior!
Cheibriados appreciates the change of pace.
You kill the orc warrior!
Cheibriados thoroughly appreciates the change of pace.
You kill the orc warrior!
Cheibriados thoroughly appreciates the change of pace.
Cheibriados raises the support of your attributes as your movement slows.
Cheibriados lowers the support of your attributes as your movement quickens.
You feel sick. The death drake breathes miasma at you.
The foul vapour engulfs you!
You are more poisoned.
The death drake misses you.
You hit the death drake but do no damage.
The death drake is severely wounded.
You are engulfed in dark miasma.
You are lethally poisoned!
You feel as though you will be slow longer.
* * * LOW HITPOINT WARNING * * *
x2 You feel very sick.
The death drake bites you.
* * * LOW HITPOINT WARNING * * *
You block the death drake's attack.
You miss the death drake.
The death drake is severely wounded.
* * * LOW HITPOINT WARNING * * *
You feel very sick. The death drake barely misses you.
You block the death drake's attack.
It was a potion of ambrosia.
You are confused.
You feel invigorated.
* * * LOW HITPOINT WARNING * * *
You feel very sick. The death drake misses you.
The death drake breathes miasma at you. The foul vapour engulfs you!
You are more poisoned.
You feel as though you will be slow longer.
You die...

...........#....##
.................#
................###
...............##>####
.....................##
....................#
...............##
####....#....)##
###......)k@#
###.....)## ##...###
#.#)# ##.....#
##.#.))... #..)....$
#$. ..... #)..))..#


You could see a death drake (catching breath).

Vanquished Creatures
  A two-headed ogre (D:8)
  Pikel (D:5)
  An orc knight (Bailey)
  A troll (Orc:2)
  4 wraiths (D:8)
  A warg (D:7)
  3 sky beasts
  12 orc warriors
  A phantom (D:4)
  2 ice beasts
  2 ogres
  A necrophage (D:6)
  3 bullfrogs
  A wyvern zombie (D:7)
  2 scorpions (D:4)
  4 killer bees
  9 wights
  2 howler monkeys
  A bullfrog zombie (D:8)
  2 hounds
  8 orc wizards
  8 orc priests
  Crazy Yiuf (D:6)
  A jelly (D:9)
  2 bullfrog skeletons
  4 worker ants
  A mummy (D:5)
  A howler monkey zombie (D:6)
  A worker ant zombie (D:9)
  2 adders
  4 gnolls (Bailey)
  2 white imps (D:9)
  An ooze (D:4)
  5 leopard geckos
  34 orcs
  2 bats
  2 giant cockroaches
  8 goblins
  5 hobgoblins
  3 jackals (D:3)
  3 quokkas
  3 frilled lizards
  2 hobgoblin zombies (D:5)
  16 kobolds
  2 orc zombies (D:5)
  5 rats
180 creatures vanquished.

Vanquished Creatures (others)
  2 fungi (D:6)
  7 plants (D:3)
9 creatures vanquished.

Grand Total: 189 creatures vanquished

Notes
Turn   | Place    | Note
-------+----------+-------------------------------------------
     0 | D:1      | EnegeticOcto the Halfling Earth Elementalist began the
                  | quest for the Orb.
     0 | D:1      | Reached XP level 1. HP: 11/11 MP: 3/3
    95 | D:2      | Reached XP level 2. HP: 17/17 MP: 4/4
   128 | D:2      | Reached skill level 1 in Short Blades
   221 | D:2      | Reached XP level 3. HP: 15/21 MP: 1/5
   237 | D:2      | Reached skill level 2 in Short Blades
   400 | D:3      | Found a transporter.
   402 | D:3      | Noticed ANON1729's ghost (amateur OpCK)
   422 | D:3      | Found a transporter.
   584 | D:4      | Reached skill level 4 in Earth Magic
   584 | D:4      | Reached XP level 4. HP: 19/27 MP: 1/6
   602 | D:4      | Learned a level 2 spell: Passwall
   606 | D:4      | Learned a level 3 spell: Stone Arrow
   636 | D:4      | Found a staircase to the Ecumenical Temple.
   636 | D:4      | Noticed a phantom
   658 | D:4      | Killed a phantom
   658 | D:4      | Reached skill level 3 in Short Blades
   658 | D:4      | Reached XP level 5. HP: 18/31 MP: 0/7
   662 | Temple   | Entered the Ecumenical Temple
   685 | Temple   | Became a worshipper of Cheibriados the Contemplative
   765 | D:4      | Reached skill level 4 in Short Blades
   765 | D:4      | Reached skill level 5 in Earth Magic
   765 | D:4      | Reached XP level 6. HP: 28/36 MP: 6/8
   796 | D:5      | Entered Level 5 of the Dungeon
   889 | D:4      | Noticed Eustachio
   897 | D:4      | Noticed Eustachio
   897 | D:4      | Eustachio changed into Eustachio the scorpion
   903 | D:4      | Killed Eustachio the scorpion
   973 | D:5      | Noticed a sky beast
   983 | D:5      | Killed a sky beast
   983 | D:5      | Reached skill level 5 in Short Blades
   983 | D:5      | Reached skill level 1 in Conjurations
   983 | D:5      | Reached XP level 7. HP: 32/41 MP: 0/9
  1017 | D:5      | Reached skill level 2 in Conjurations
  1161 | D:6      | Reached skill level 1 in Shields
  1196 | D:6      | Reached skill level 6 in Earth Magic
  1196 | D:6      | Reached skill level 1 in Invocations
  1239 | D:6      | Reached skill level 1 in Fighting
  1259 | D:6      | Reached XP level 8. HP: 33/48 MP: 0/10
  1274 | D:6      | Noticed Maggie
  1275 | D:6      | Noticed Maggie
  1275 | D:6      | Maggie changed into Maggie the ice beast
  1287 | D:6      | Killed Maggie the ice beast
  1287 | D:6      | Reached skill level 3 in Dodging
  1287 | D:6      | Reached skill level 2 in Shields
  1361 | D:6      | Reached skill level 2 in Invocations
  1424 | D:6      | Found a runed translucent door.
  1425 | D:6      | Noticed Crazy Yiuf
  1435 | D:6      | Killed Crazy Yiuf
  1462 | D:7      | Reached * piety under Cheibriados
  1471 | D:7      | Reached skill level 1 in Long Blades
  1527 | D:7      | Found Munelag's Book Shop.
  1568 | D:7      | Reached skill level 2 in Fighting
  1590 | D:7      | Noticed Joseph
  1591 | D:7      | Noticed Joseph
  1591 | D:7      | Joseph changed into Joseph the warg
  1599 | D:7      | Killed Joseph the warg
  1599 | D:7      | Reached skill level 2 in Long Blades
  1599 | D:7      | Reached skill level 3 in Shields
  1671 | D:5      | Noticed Pikel
  1689 | D:5      | Killed Pikel
  1689 | D:5      | Reached skill level 3 in Long Blades
  1689 | D:5      | Reached skill level 4 in Dodging
  1689 | D:5      | Reached skill level 3 in Invocations
  1689 | D:5      | Reached XP level 9. HP: 24/55 MP: 1/11
  1841 | D:6      | Noticed Menkaure
  1914 | D:7      | Found a broken altar of Ashenzari.
  1917 | D:7      | Found an opulent altar of Gozag.
  1926 | D:7      | Found a hide-covered altar of Uskayaw.
  1929 | D:7      | Found a bloodstained altar of Trog.
  1946 | D:7      | Reached skill level 3 in Fighting
  1951 | D:7      | Reached skill level 4 in Shields
  2029 | D:8      | Reached skill level 4 in Long Blades
  2049 | D:7      | Reached ** piety under Cheibriados
  2049 | D:7      | Reached skill level 7 in Earth Magic
  2095 | D:9      | Found a staircase to the Orcish Mines.
  2119 | D:9      | Reached skill level 4 in Invocations
  2148 | D:9      | Reached skill level 5 in Dodging
  2258 | D:9      | Reached skill level 5 in Long Blades
  2258 | D:9      | Reached XP level 10. HP: 63/63 MP: 3/13
  2439 | D:9      | Found a flagged portal.
  2444 | D:9      | Reached *** piety under Cheibriados
  2450 | Bailey   | Entered a bailey
  2538 | Bailey   | Identified the amulet "Fary" {Spirit rF+}
  2543 | Bailey   | Reached **** piety under Cheibriados
  2549 | Bailey   | Reached skill level 5 in Shields
  2568 | Bailey   | Noticed an orc knight
  2656 | Bailey   | Killed an orc knight
  2656 | Bailey   | Reached skill level 4 in Fighting
  2656 | Bailey   | Reached skill level 6 in Long Blades
  2656 | Bailey   | Reached skill level 5 in Invocations
  2820 | D:8      | Noticed a two-headed ogre
  2847 | D:8      | Killed a two-headed ogre
  2847 | D:8      | Reached skill level 6 in Dodging
  2909 | D:8      | Found the +5 scythe "Finisher" {speed, eviscerate}
  2963 | D:8      | Reached skill level 7 in Long Blades
  3090 | D:7      | Reached ***** piety under Cheibriados
  3148 | D:9      | Reached XP level 11. HP: 42/70 MP: 9/15
  3222 | Orc:1    | Entered Level 1 of the Orcish Mines
  3264 | Orc:2    | Entered Level 2 of the Orcish Mines
  3293 | Orc:2    | Reached skill level 6 in Invocations
  3298 | Orc:2    | Reached skill level 5 in Fighting
  3319 | Orc:2    | Found a staircase to the Elven Halls.
  3331 | Orc:2    | Noticed an orc knight
  3339 | Orc:2    | Reached skill level 7 in Dodging
  3342 | Orc:2    | Noticed a death drake
  3342 | Orc:2    | an orc knight changed into a death drake
  3355 | Orc:2    | Killed from afar by a death drake

Illustrated notes

Levels and vault maps discovered:
D:1:      mainiacjoe_arrival_reflecting_pool, layout_basic,
          serial_bayou_crossing
D:2:      layout_basic, minivault_14
D:3:      layout_basic, gammafunk_ghost_arena, chequers_ecumenical_altar_twisty,
          wad_woods_river_04
D:4:      layout_gridville, minmay_temple_entry_mini_moons,
          cheibrodos_sewer_entry_bend, uniq_eustachio
D:5:      minmay_angry_zag, layout_loops_ring, minmay_mini_ossuary, uniq_pikel
D:6:      layout_cave_pods, minmay_misc_feat_hallway, uniq_crazy_yiuf_cottage,
          uniq_maggie, uniq_blork_the_orc, uniq_menkaure, uniq_duvessa
D:7:      lemuel_slime, layout_loops_ring, grunt_temple_overflow_cloverleaf,
          serial_shops, nicolae_shop_stone, uniq_joseph
D:8:      minmay_statue_hallways, layout_rooms, minmay_guarded_unrand_finisher
D:9:      layout_gridville, david_orc_2, enter_bailey_3
Temple:   regret_index_temple_mists
Orc:1:    layout_diamond_mine
Orc:2:    grunt_orc_tribal_feast, layout_caves, basic_altar

Skill      XL: |  1  2  3  4  5  6  7  8  9 10 11 |
---------------+----------------------------------+-----
Short Blades   | 1 2 3 4 5 |  5.0
Earth Magic    | 4 5 6 7 |  7.0
Conjurations   | 1 2 |  2.0
Shields        | 1 3 4 5 |  5.6
Invocations    | 1 3 4 5 6 |  6.6
Fighting       | 1 2 3 4 5 |  5.0
Dodging        | 4 5 6 7 |  7.1
Long Blades    | 3 5 7 |  7.8
Stealth        | |  2.1
Spellcasting   | |  1.5
Transmutations | |  0.5

Action                   |  1- 3 |  4- 6 |  7- 9 | 10-12 || total
-------------------------+-------+-------+-------+-------++-------
Melee: Short sword       |    44 |    17 |    23 |       ||    84
       Scimitar          |       |       |   107 |   194 ||   301
Throw: Dart              |     1 |     7 |     7 |    27 ||    42
 Cast: Sandblast         |    14 |    19 |    68 |    37 ||   138
       Stone Arrow       |       |     1 |    21 |    28 ||    50
       Passwall          |       |       |     2 |     5 ||     7
Invok: Slouch            |       |       |       |     2 ||     2
 Abil: Evoke Flight      |       |       |       |     4 ||     4
Evoke: Wand              |       |     2 |    27 |     4 ||    33
       Phial of floods   |       |       |       |     1 ||     1
  Use: Scroll            |     5 |       |    10 |     1 ||    16
       Potion            |       |       |       |     5 ||     5
 Stab: Sleeping          |     3 |     1 |       |     1 ||     5
       Distracted        |       |       |     1 |     1 ||     2
       Invisible         |       |       |       |     4 ||     4
Armor: Robe              |     4 |     1 |       |       ||     5
       Troll leather arm |       |       |    40 |    29 ||    69
Dodge: Dodged            |    34 |     6 |   124 |   231 ||   395
Block: Buckler           |       |       |    61 |   177 ||   238
       Rpst.: Scimitar   |       |       |    30 |    45 ||    75

Table legend: (Time is in decaauts)
 A = Elapsed time spent in this place.
 B = Non-inter-level travel time spent in this place.
 C = Inter-level travel time spent in this place.
 D = Time resting spent in this place.
 E = Time spent auto-exploring this place.
 F = Levels seen in this place.
 G = Mean time per level.
                   A        B        C        D        E       F      G
               +--------+--------+--------+--------+--------+-----+--------+
         Total |   4296 |   4128 |    168 |      0 |      0 |  13 |  330.5 |
       Dungeon |   3638 |   3479 |    159 |      0 |      0 |   9 |  404.2 |
        Temple |     55 |     55 |      0 |      0 |      0 |   1 |   55.0 |
  Orcish Mines |    207 |    198 |      9 |      0 |      0 |   2 |  103.5 |
        Bailey |    395 |    395 |      0 |      0 |      0 |   1 |  395.0 |
               +--------+--------+--------+--------+--------+-----+--------+

Top non-repeatable levels by time:
     D:9: 698 daAuts
     D:6: 521 daAuts
     D:8: 514 daAuts
     D:7: 474 daAuts
     D:5: 469 daAuts
  Bailey: 395 daAuts
     D:4: 389 daAuts
     D:3: 235 daAuts
     D:1: 177 daAuts
     D:2: 157 daAuts
   Orc:2: 135 daAuts
   Orc:1: 71 daAuts
  Temple: 55 daAuts
